AoeStats
← LM | TornardoBriese

Arabia

505793506Analyzed
1v1 RM · 22d ago on Sep 11, 2026· 24m 27s· 2 players
Game mode
Random Map
Map size
Tiny (2 player)
Population
200
Speed
Normal
Resources
Standard
Victory
Conquest
Starting age
Dark Age
Ending age
Imperial Age
RankedLock teamsTeams togetherTeam positionsShared explorationLock speedFull tech treeHidden civsTurbo modeCheats
Victory
Defeat
🇨🇴 Ethiopians · Colombia
1242
+15
🇨🇭 Vikings · Switzerland
1213
-15
LM | TornardoBriese
6:20 Loom
10:14 Feudal Age
11:26 Horse Collar
11:34 Double-Bit Axe
14:18 Town Watch
21:09 Castle Age
Aragorn
11:44 Feudal Age
11:21 Loom
12:21 Double-Bit Axe
16:27 Castle Age
15:11 Horse Collar
16:54 Fletching
17:51 Crossbowman
19:16 Bodkin Arrow
22:02 Padded Archer Armor
Connection lost

Rejoining the realm…

Still unreachable

The connection could not be restored.

Session expired

The server has moved on; the page needs a fresh start.